 Dungeon Crawl Stone Soup version 0.31.0-11-ge490571c62 (webtiles) character file.

Game seed: 14030504969293992151

53 DemonSlayer the Digger (level 3, 0/24 HPs)
             Began as a Demonspawn Earth Elementalist on Feb 3, 2024.
             Slain by Grinder (1 damage)
             ... while paralysed by Grinder
             ... on level 3 of the Dungeon.
             The game lasted 00:02:56 (1847 turns).

DemonSlayer the Digger (DsEE)                       Turns: 1847, Time: 00:02:56

Health: 0/24       AC:  5    Str:  8    XL:     3   Next: 64%
Magic:  0/6        EV:  2    Int: 15    God:
Gold:   109        SH:  0    Dex: 15    Spells: 0/7 levels left

rFire   . . .        e - +2 dagger
rCold   . . .        (no shield)
rNeg    . . .        a - +1 robe
rPois   .            (no helmet)
rElec   .            (no cloak)
rCorr   .            (no gloves)
SInv    .            (no boots)
Will    .....        (no amulet)
Stlth   ++           (no ring)
HPRegen 0.24/turn    (no ring)
MPRegen 0.10/turn

%: no passive effects
@: paralysed
A: icy blue scales 1, ignite blood 1
a: no special abilities


You were on level 3 of the Dungeon.
You visited 1 branch of the dungeon, and saw 3 of its levels.

You collected 109 gold pieces.

Inventory:

Hand Weapons
 e - a +2 dagger (weapon)
Armour
 a - a +1 robe (worn)
Potions
 b - a potion of magic
 d - a potion of haste
 i - 2 potions of might {unknown}


   Skills:
 + Level 0.1 Short Blades
 + Level 2.0 Dodging
 + Level 1.9 Stealth
 + Level 2.6 Spellcasting
 + Level 1.0 Conjurations
 + Level 3.6 Earth Magic


You couldn't memorise any spells.
You knew the following spells:

 Your Spells              Type           Power      Damage    Failure   Level
a - Sandblast             Erth           24%        2d8       4%          1
b - Stone Arrow           Conj/Erth      16%        3d8       24%         3
c - Mephitic Cloud        Conj/Alch/Air  2%         N/A       50%         3

Your spell library contained the following spells:

 Spells                   Type           Power      Damage    Failure   Level
 Magic Dart               Conj           20%        1d4       14%         1
 Passwall                 Erth           12%        N/A       14%         3
 Sting                    Conj/Alch      12%        1d3       17%         1
 Searing Ray              Conj           10%        2d4       21%         2
 Apportation              Tloc           2%         N/A       22%         1
 Necrotise                Necr           4%         1d4       22%         1
 Summon Small Mammal      Summ           4%         N/A       22%         1
 Mercury Vapours          Alch/Air       2%         N/A       32%         2
 Brom's Barrelling Bould  Conj/Erth      8%         2d3       63%         4
 Petrify                  Alch/Erth      7%         N/A       69%         4
 Fulminant Prism          Conj/Alch      1%         3d5       86%         4
 Freezing Cloud           Conj/Ice/Air   1%         6-21      99%         5
 Haunt                    Necr/Summ      0%         N/A       100%        7
 Borgnjor's Revivificati  Necr           0%         N/A       100%        8
 Death's Door             Necr           0%         N/A       100%        9


Dungeon Overview and Level Annotations

Branches:
Dungeon (3/15)

Altars:

Shops:
D:1 :

Annotations:
D:1 2 transporters
D:3 Grinder


Innate Abilities, Weirdness & Mutations

You are partially covered in icy blue scales. (AC +2)
Your demonic aura sometimes causes spilled blood to erupt in flames.


Message History

The blast of sand hits Grinder.
Grinder is moderately wounded.
Grinder blinks!
You can't see any susceptible monsters within range! (Use Z to cast anyway.)
The blast of sand misses Grinder.
Grinder says, "I used to sell toenails on the black market."
The blast of sand hits Grinder.
Grinder is moderately wounded.
Grinder closely misses you.
The blast of sand hits Grinder!
Grinder is heavily wounded.
Grinder hits you!
You writhe in agony.
Grinder completely misses you.
You are too injured to fight recklessly!
Casting: Sandblast (safe; 4% risk of failure)
Confirm with . or Enter, or press ? or * to list all spells.
Aiming: Sandblast (safe; 4% risk of failure)
Press: ? - help, Shift-Dir - straight line, f/p - Grinder
Aim: Grinder (heavily wounded, 80% to hit)
The blast of sand hits Grinder.
Grinder is severely wounded.
Grinder hits you.
* * * LOW HITPOINT WARNING * * *
You writhe in agony.
* * * LOW HITPOINT WARNING * * *
Casting: Sandblast (safe; 4% risk of failure)
Confirm with . or Enter, or press ? or * to list all spells.
Aiming: Sandblast (safe; 4% risk of failure)
Press: ? - help, Shift-Dir - straight line, f/p - Grinder
Aim: Grinder (severely wounded, 80% to hit)
The blast of sand hits Grinder but does no damage.
Grinder is severely wounded.
Grinder gestures at you.
You suddenly lose the ability to move!
Grinder gestures at you.
You shrug off the repeated paralysis!
Grinder hits you.
* * * LOW HITPOINT WARNING * * *
You writhe in agony.
You die...
Grinder says, "Now the real fun starts!"

##..####..######.#
..............#
#.#####.######.#
#.# #.# #.#####.##
#........#
#######..# #@.#
#.....5.).....#
#.#####..####...
##.# #.# #.# #.#
#.#


You could see Grinder.

Vanquished Creatures
  An adder (D:2)
  4 ball pythons
  3 bats (D:1)
  5 endoplasms
  A giant cockroach (D:1)
  4 goblins
  5 hobgoblins
  2 quokkas (D:1)
  10 frilled lizards (D:1)
  4 kobolds
  2 rats (D:2)
41 creatures vanquished.

Notes
Turn   | Place    | Note
-------+----------+-------------------------------------------
     0 | D:1      | DemonSlayer the Demonspawn Earth Elementalist began the
                  | quest for the Orb.
     0 | D:1      | Reached XP level 1. HP: 13/13 MP: 3/3
    24 | D:1      | Found a transporter.
    29 | D:1      | Found Vostesogh's Book Shoppe.
   286 | D:1      | Reached skill level 3 in Earth Magic
   430 | D:1      | Gained mutation: You are partially covered in icy blue
                  | scales. (AC +2) [demonic ancestry]
   430 | D:1      | Reached XP level 2. HP: 19/19 MP: 3/5
   734 | D:1      | Found a transporter.
   871 | D:1      | Gained mutation: Your demonic aura sometimes causes spilled
                  | blood to erupt in flames. [demonic ancestry]
   871 | D:1      | Reached XP level 3. HP: 24/24 MP: 1/6
  1163 | D:1      | Learned a level 3 spell: Stone Arrow
  1789 | D:2      | Learned a level 3 spell: Mephitic Cloud
  1838 | D:3      | Noticed Grinder
  1846 | D:3      | Paralysed by Grinder for 5 turns
  1847 | D:3      | HP: 1/24 [Grinder (4)]
  1847 | D:3      | Slain by Grinder

Illustrated notes

Levels and vault maps discovered:
D:1:      wander_arrival_lonely_grave, layout_loops_ring, serial_shops,
          nicolae_shop_drivethru, chequers_big_river, minmay_misc_feat_enclosed,
          minmay_lizard_king
D:2:      minmay_evil_eye, layout_basic, nicolae_figureground_pulse
D:3:      layout_loops_ring, mainiacjoe_overflow_alcove_1,
          dreamdust_ecumenical_altar_grove, uniq_grinder

Skill      XL: |  1  2  3 |
---------------+----------+-----
Earth Magic    | 3 |  3.6
Dodging        | 2 |  2.0
Short Blades   | |  0.1
Stealth        | |  1.9
Spellcasting   | |  2.6
Conjurations   | |  1.0

Action                     || total
---------------------------++-------
  Melee: Unarmed           ||     3
         Dagger            ||    18
   Cast: Sandblast         ||    60
    Use: Scroll            ||     5
   Stab: Sleeping          ||     1
 Armour: Robe              ||    28
  Dodge: Dodged            ||    29
